 Dungeon Crawl Stone Soup version 0.30-a0-630-g881e3bac89 (webtiles) character file.

Game seed: 135198727123285487

4943 Dartaoz the Geomancer (level 10, -10/61 HPs)
             Began as a Gargoyle Earth Elementalist on Jan 13, 2023.
             Was an Initiate of Vehumet.
             Mangled by a two-headed ogre
             ... wielding a +0 giant spiked club
              (17 damage)
             ... on level 9 of the Dungeon.
             The game lasted 00:30:16 (10647 turns).

Dartaoz the Geomancer (GrEE)                       Turns: 10647, Time: 00:30:17

Health: -10/61     AC: 15    Str: 12    XL:     10   Next: 52%
Magic:  2/20       EV: 13    Int: 20    God:    Vehumet [......]
Gold:   514        SH:  0    Dex: 10    Spells: 16/22 levels left

rFire   . . .      SeeInvis .    o - +4 dagger (venom)
rCold   . . .      Faith    .    (no shield)
rNeg    + + .      Spirit   .    E - +2 robe {Will+}
rPois   ∞          Reflect  .    h - +2 helmet
rElec   +          Harm     .    s - +0 cloak
rCorr   .          Rampage  .    (no gloves)
Will    +....                    (no boots)
Stlth   +++                      (no amulet)
HPRegen 0.30/turn                G - ring of positive energy
MPRegen 0.17/turn                (no ring)

@: no status effects
A: sickness immunity, AC +7, negative energy resistance 1, electricity
resistance, torment resistance 1, petrification resistance
a: Renounce Religion


You were on level 9 of the Dungeon.
You worshipped Vehumet.
Vehumet was noncommittal.
You visited 2 branches of the dungeon, and saw 10 of its levels.

You collected 586 gold pieces.
You spent 72 gold pieces at shops.

Inventory:

Hand Weapons
 d - a +0 dagger
 o - a +4 dagger of venom (weapon)
Missiles
 B - a throwing net
Armour
 a - a +0 robe
 h - a +2 helmet (worn)
 s - a +0 cloak (worn)
 E - a +2 robe of willpower (worn)
Jewellery
 l - an amulet of the acrobat
 A - a ring of ice
 F - a ring of ice
 G - a ring of positive energy (left hand)
Wands
 v - a wand of paralysis (3)
 x - a wand of quicksilver (7)
 y - a wand of polymorph (5)
Scrolls
 f - 4 scrolls of immolation
 i - 4 scrolls of teleportation
 n - a scroll of amnesia {unknown}
 t - 5 scrolls of enchant weapon {unknown}
 u - a scroll of poison {unknown}
 C - a scroll of enchant armour {unknown}
 D - a scroll of noise {unknown}
 H - a scroll of vulnerability {unknown}
 J - a scroll of brand weapon {unknown}
Potions
 c - a potion of might
 g - a potion of attraction
 j - 8 potions of degeneration
 k - 2 potions of invisibility
 m - 2 potions of brilliance
 p - 2 potions of haste
 q - a potion of berserk rage
 w - a potion of cancellation
 z - 4 potions of curing
 I - a potion of flight {unknown}


   Skills:
 + Level 6.5 Fighting
 + Level 5.3 Dodging
 - Level 5.0 Stealth
 + Level 6.6 Spellcasting
 + Level 7.3 Conjurations
 - Level 1.0 Transmutations
 + Level 9.0 Earth Magic


You had 16 spell levels left.
You knew the following spells:

 Your Spells              Type           Power      Damage    Failure   Level
a - Sandblast             Erth           84%        2d18      1%          1
b - Stone Arrow           Conj/Erth      78%        3d11      1%          3
c - Passwall              Tmut/Erth      21%        N/A       1%          2

Your spell library contained the following spells:

 Spells                   Type           Power      Damage    Failure   Level
 Kiss of Death            Conj/Necr      84%        2d11      2%          1
 Momentum Strike          Conj/Tloc      42%        3d9       3%          2
 Petrify                  Tmut/Erth      26%        N/A       12%         4
 Blink                    Tloc           12%        N/A       16%         2
 Confusing Touch          Hex            6%         N/A       30%         3
 Lesser Beckoning         Tloc           12%        N/A       30%         3
 Tukima's Dance           Hex            6%         N/A       30%         3
 Dispel Undead            Necr           6%         3d8       69%         4
 Passage of Golubria      Tloc           6%         N/A       69%         4
 Yara's Violent Unravell  Hex/Tmut       4%         3d4       92%         5


Dungeon Overview and Level Annotations

Branches:
Dungeon (9/15)             Temple (1/1) D:7            Lair (0/5) D:8
    Orc: D:9-12

Altars:
Ashenzari
Cheibriados
Dithmenos
Elyvilon
Fedhas
Gozag
Hepliaklqana
Kikubaaqudgha
Nemelex Xobeh
Okawaru
Qazlal
Ru
Trog
Uskayaw
Vehumet
Wu Jian
Xom
Yredelemnul
Zin
The Shining One

Shops:
D:1 [   D:4 *   D:5 [


Innate Abilities, Weirdness & Mutations

You are immune to sickness and miasma.
Your stone body is resilient. (AC +7)
You are immune to poison.
You resist negative energy. (rN+)
You are resistant to electric shocks. (rElec)
You are resistant to unholy torment.
You are immune to petrification.


Message History

The stone arrow hits the orc warrior!
You kill the orc warrior!
Vehumet accepts your kill.
Casting: Stone Arrow (safe; 1% risk of failure)
Confirm with . or Enter, or press ? or * to list all spells.
Aiming: Stone Arrow (safe; 1% risk of failure)
Press: ? - help, Shift-Dir - straight line, f - two-headed ogre
Aim: a two-headed ogre, wielding a +0 giant spiked club and a +0 giant club (88% to hit)
The stone arrow hits the two-headed ogre!
The two-headed ogre is lightly wounded.
The blast of sand hits the two-headed ogre!!
The two-headed ogre is heavily wounded.
The two-headed ogre misses you.
The two-headed ogre completely misses you.
The blast of sand hits the two-headed ogre!
The two-headed ogre is severely wounded.
The two-headed ogre hits you with a +0 giant spiked club.
The two-headed ogre closely misses you.
You closely miss the two-headed ogre.
The two-headed ogre is severely wounded.
The two-headed ogre misses you.
The two-headed ogre hits you with a +0 giant club.
You barely miss the two-headed ogre.
The two-headed ogre is severely wounded.
The two-headed ogre barely misses you.
The two-headed ogre hits you with a +0 giant club!
You hit the two-headed ogre.
The two-headed ogre is poisoned.
The two-headed ogre is severely wounded.
You closely miss the two-headed ogre.
The two-headed ogre is severely wounded.
The two-headed ogre hits you with a +0 giant spiked club!
The two-headed ogre hits you with a +0 giant club!!
* * * LOW HITPOINT WARNING * * *
There is an open door here.
There is an open door here.
The two-headed ogre attacks as you move away!
The two-headed ogre hits you with a +0 giant spiked club.
* * * LOW HITPOINT WARNING * * *
The two-headed ogre hits you with a +0 giant club!
You die...

#........≈#≈_≈#≈# ##.#####
###.#####≈#≈≈≈#≈# #......
#.#####≈#####≈#########+
#......≈≈≈≈≈≈≈..........
########'#######..........
#.....)...# #.'..........
#.........# #.#..........
#.........####.#..........
#........@O....#..).......
#.........#########..#'###
#.........# #........
#.........# #z≈≈§§≈≈≈
########.## #...≈≈≈≈§ #.#
###z8...._§ ...
#...§.≈≈≈≈≈ .. #...≈≈≈§≈§≈
#...§......


You could see a two-headed ogre (poisoned).

Vanquished Creatures
  A komodo dragon (D:8)
  A hornet (D:7)
  2 steam dragons
  3 water moccasins
  An acid dragon (D:6)
  5 orc warriors
  2 sky beasts
  2 black bears (D:6)
  5 ogres
  3 centaurs (D:9)
  2 kobold brigands
  2 bullfrogs
  2 necrophages
  8 wights
  3 killer bees
  6 howler monkeys
  2 quasits (D:6)
  3 jellies
  4 hounds
  7 orc priests
  6 iguanas
  7 orc wizards
  8 adders
  4 gnolls (D:4)
  3 shadow imps (D:6)
  4 white imps (D:6)
  3 ufetubi
  3 worms (D:2)
  2 dart slugs
  37 orcs
  4 bats
  9 endoplasms
  3 giant cockroaches
  14 goblins
  6 hobgoblins
  2 jackals (D:5)
  31 kobolds
  4 quokkas
  9 ball pythons
  2 frilled lizards
  4 rats
229 creatures vanquished.

Vanquished Creatures (others)
  A demonic plant (D:6)
  32 plants
33 creatures vanquished.

Grand Total: 262 creatures vanquished

Notes
Turn   | Place    | Note
-------+----------+-------------------------------------------
     0 | D:1      | Dartaoz the Gargoyle Earth Elementalist began the quest for
                  | the Orb.
     0 | D:1      | Reached XP level 1. HP: 10/10 MP: 3/3
   104 | D:1      | Reached skill level 1 in Transmutations
   104 | D:1      | Reached XP level 2. HP: 15/15 MP: 3/5
   318 | D:1      | Reached skill level 4 in Earth Magic
   411 | D:1      | Reached skill level 1 in Conjurations
   600 | D:1      | Reached XP level 3. HP: 19/19 MP: 4/6
   627 | D:1      | Found Jyroid's Armour Emporium.
  1287 | D:2      | Reached XP level 4. HP: 24/24 MP: 2/7
  1898 | D:2      | Found a faded altar of an unknown god.
  2210 | D:3      | Learned a level 3 spell: Stone Arrow
  2263 | D:3      | Reached XP level 5. HP: 19/28 MP: 3/9
  2448 | D:3      | Reached skill level 5 in Earth Magic
  3238 | D:4      | Noticed an ogre
  3244 | D:4      | Killed an ogre
  3245 | D:4      | Reached XP level 6. HP: 33/33 MP: 0/11
  3369 | D:4      | Reached skill level 1 in Fighting
  4013 | D:4      | Reached XP level 7. HP: 23/38 MP: 2/12
  4178 | D:4      | Found Nep Qewo's General Store.
  4186 | D:4      | Bought a scroll of identify for 24 gold pieces
  4186 | D:4      | Bought a scroll of identify for 24 gold pieces
  4186 | D:4      | Bought a scroll of identify for 24 gold pieces
  5022 | D:5      | Entered Level 5 of the Dungeon
  5047 | D:5      | Found Ruboizyu's Armour Shop.
  5075 | D:5      | Found a shimmering altar of Xom.
  5348 | D:5      | Reached skill level 6 in Earth Magic
  5510 | D:5      | Found a hide-covered altar of Uskayaw.
  5622 | D:5      | Reached XP level 8. HP: 45/45 MP: 0/14
  6762 | D:6      | Found a shimmering altar of Xom.
  6769 | D:6      | Reached skill level 5 in Conjurations
  6895 | D:6      | Reached skill level 5 in Stealth
  6895 | D:6      | Reached skill level 5 in Spellcasting
  6928 | D:6      | Reached skill level 7 in Earth Magic
  6928 | D:6      | Reached XP level 9. HP: 52/52 MP: 2/16
  7331 | D:6      | Learned a level 2 spell: Passwall
  7626 | D:7      | Noticed a hornet
  7632 | D:7      | Killed a hornet
  7780 | D:7      | Found a staircase to the Ecumenical Temple.
  7787 | Temple   | Entered the Ecumenical Temple
  8091 | D:7      | Reached skill level 5 in Fighting
  8113 | D:7      | Reached skill level 8 in Earth Magic
  9030 | D:8      | Reached XP level 10. HP: 60/60 MP: 15/19
  9219 | D:8      | Found a staircase to the Lair.
  9275 | D:8      | Found a snail-covered altar of Cheibriados.
  9540 | D:8      | Found a white marble altar of Elyvilon.
  9608 | D:9      | Reached skill level 5 in Dodging
  9675 | D:9      | Found a shadowy altar of Dithmenos.
 10115 | D:9      | Noticed a two-headed ogre
 10376 | D:9      | Found a glowing silver altar of Zin.
 10376 | D:9      | Found a radiant altar of Vehumet.
 10381 | D:9      | Became a worshipper of Vehumet
 10556 | D:9      | Reached skill level 9 in Earth Magic
 10647 | D:9      | Mangled by a two-headed ogre

Illustrated notes

Levels and vault maps discovered:
D:1:      dpeg_arrival_tiny_a, layout_basic, serial_shops,
          nicolae_lakefront_shop, minmay_tromino_i4
D:2:      minmay_skewed_foursquare, layout_basic, serial_forest,
          infiniplex_forest_clump_double, infiniplex_forest_clump_small,
          infiniplex_forest_clump_double, infiniplex_forest_end_2,
          infiniplex_forest_lined_room_2, infiniplex_forest_lined_2,
          infiniplex_forest_clump_medium, infiniplex_forest_corner_2,
          infiniplex_forest_lined_ring, infiniplex_forest_straight_2,
          dreamdust_ecumenical_altar_hidden_monk_grotto, grunt_ministairs_6
D:3:      layout_basic
D:4:      kennysheep_kobold_camp, layout_cave_pools, serial_shops,
          nicolae_square_shop, minmay_pentomino_pile
D:5:      layout_basic, mainiacjoe_overflow_surrounded_room,
          mainiacjoe_overflow_cross_hatched, serial_shops, shop_fountains,
          kennysheep_dice
D:6:      layout_loops_cross, serial_demonic, serial_demonic_a,
          serial_demonic_d, serial_demonic_c, serial_demonic_e,
          serial_demonic_c, serial_demonic_c, kennysheep_small_circle
D:7:      layout_loops_ring, minmay_temple_entry_gardened_gates
D:8:      layout_basic, mainiacjoe_overflow_tiny_flanked,
          mainiacjoe_overflow_alcove_4, lair_entry_dummy
D:9:      layout_roguey [special_room_orc], mainiacjoe_overflow_catwalk,
          nicolae_overflow_two_pavilions
Temple:   compressed_dpeg_triangle_lava_temple

Skill      XL: |  1  2  3  4  5  6  7  8  9 10 |
---------------+-------------------------------+-----
Transmutations | 1 |  1.0
Earth Magic    | 4 5 6 7 8 9 |  9.0
Conjurations   | 1 2 3 4 5 6 7 |  7.3
Spellcasting   | 3 4 5 6 |  6.6
Fighting       | 1 2 4 5 6 |  6.5
Dodging        | 2 3 4 5 |  5.3
Stealth        | 3 5 |  5.0

Action                   |  1- 3 |  4- 6 |  7- 9 | 10-12 || total
-------------------------+-------+-------+-------+-------++-------
Melee: Dagger            |    14 |     2 |    37 |    15 ||    68
       Punch             |     1 |       |     1 |       ||     2
 Cast: Sandblast         |    49 |    71 |   107 |    45 ||   272
       Stone Arrow       |       |    18 |    72 |    43 ||   133
  Use: Scroll            |       |     7 |     6 |     1 ||    14
       Potion            |       |     1 |       |     2 ||     3
Armor: Robe              |     8 |    14 |    42 |    44 ||   108
Dodge: Dodged            |    14 |    26 |    72 |    78 ||   190

Table legend: (Time is in decaauts)
 A = Elapsed time spent in this place.
 B = Non-inter-level travel time spent in this place.
 C = Inter-level travel time spent in this place.
 D = Time resting spent in this place.
 E = Time spent auto-exploring this place.
 F = Levels seen in this place.
 G = Mean time per level.
                   A        B        C        D        E       F      G
               +--------+--------+--------+--------+--------+-----+--------+
         Total |  10782 |  10408 |    374 |    476 |   8654 |  10 | 1078.2 |
       Dungeon |  10480 |  10127 |    353 |    476 |   8382 |   9 | 1164.4 |
        Temple |    301 |    280 |     21 |      0 |    272 |   1 |  301.0 |
               +--------+--------+--------+--------+--------+-----+--------+

Top non-repeatable levels by time:
     D:4: 1803 daAuts
     D:6: 1744 daAuts
     D:2: 1311 daAuts
     D:8: 1062 daAuts
     D:3: 1054 daAuts
     D:5: 995 daAuts
     D:1: 927 daAuts
     D:7: 900 daAuts
     D:9: 680 daAuts
  Temple: 301 daAuts
